AoeStats
← Khirs

Fortress

509140046Analyzed
4v4 RM · 6d ago on Sep 25, 2026· 60m 47s· 8 players
Game mode
Random Map
Map size
Huge
Population
200
Speed
Normal
Resources
Standard
Victory
Conquest
Starting age
Dark Age
Ending age
Imperial Age
RankedLock teamsTeams togetherTeam positionsShared explorationLock speedFull tech treeHidden civsTurbo modeCheats
Victory
Defeat
🇩🇪 Italians · Germany
698
+16
🇨🇳 Wei · China
672
+17
🇺🇸 Huns · United States
666
+18
🇯🇵 Vietnamese · Japan
607
+20
🇪🇸 Chinese · Spain
805
-22
🇨🇦 Khmer · Canada
740
-19
🇧🇷 Celts · Brazil
658
-16
🇩🇪 Khmer · Germany
606
-14
AI
8:08 Feudal Age
13:06 Castle Age
11:05 Double-Bit Axe
11:23 Horse Collar
15:21 Bow Saw
15:13 Heavy Plow
15:06 Gold Mining
15:50 Scale Barding Armor
17:38 Loom
27:30 Imperial Age
26:58 Wheelbarrow
26:59 Forging
29:49 Hand Cart
33:31 Elite Skirmisher
34:16 Thumb Ring
34:41 Conscription
36:37 Elite Tiger Cavalry
37:04 Imperial Skirmisher
39:51 Bloodlines
39:42 Husbandry
39:04 Heavy Hei Guang Cavalry
42:40 Chain Barding Armor
42:56 Iron Casting
47:57 Blast Furnace
47:01 Tuntian
47:43 Ming Guang Armor
54:22 Padded Archer Armor
54:13 Fletching
54:28 Caravan
55:57 Bodkin Arrow
56:39 Leather Archer Armor
57:49 Ballistics
Dr_foul
9:48 Feudal Age
11:18 Wheelbarrow
11:31 Double-Bit Axe
15:13 Gold Mining
19:16 Castle Age
20:36 Bow Saw
21:03 Caravan
21:43 Gold Shaft Mining
21:28 Horse Collar
22:13 Scale Barding Armor
23:16 Forging
24:05 Fletching
25:01 Hand Cart
27:01 Heavy Plow
27:42 Marauders
31:01 Imperial Age
30:53 Iron Casting
30:58 Husbandry
31:28 Heavy Plow
31:43 Bloodlines
31:56 Chain Barding Armor
33:24 Blast Furnace
32:57 Conscription
33:55 Murder Holes
35:30 Plate Barding Armor
36:21 Chemistry
38:15 Two-Man Saw
36:46 Elite Tarkan
52:12 Ballistics
biolk
1:21 Loom
7:38 Feudal Age
14:47 Castle Age
13:27 Double-Bit Axe
13:47 Horse Collar
25:14 Imperial Age
23:13 Scale Mail Armor
23:51 Wheelbarrow
23:03 Town Watch
23:13 Gold Mining
23:25 Stone Mining
24:37 Bow Saw
24:35 Heavy Plow
25:58 Ballistics
27:02 Stone Shaft Mining
27:17 Chain Mail Armor
30:23 Plate Mail Armor
34:11 Chemistry
35:29 Silk Road
35:22 Pirotechnia
35:49 Hoardings
36:18 Two-Man Saw
36:01 Town Patrol
36:17 Hand Cart
39:43 Caravan
41:43 Onager
42:46 Scale Barding Armor
42:52 Forging
42:33 Fletching
42:44 Padded Archer Armor
58:15 Elite Genoese Crossbowman
59:20 Bombard Tower
59:12 Masonry
58:43 Treadmill Crane
58:55 Heated Shot
59:49 Crop Rotation
60:04 Coinage
59:47 Guilds
59:01 Elite Skirmisher
59:04 Crossbowman
59:51 Thumb Ring
59:15 Light Cavalry
60:06 Bloodlines
59:57 Husbandry
59:21 Capped Ram
60:09 Imperial Skirmisher
Jawaharlal NEHRU
5:15 Loom
7:41 Feudal Age
9:01 Double-Bit Axe
14:31 Castle Age
12:31 Horse Collar
12:46 Gold Mining
18:20 Fletching
18:30 Padded Archer Armor
20:43 Wheelbarrow
21:00 Town Watch
22:21 Bow Saw
23:15 Hand Cart
26:24 Heavy Plow
29:15 Imperial Age
27:23 Forging
30:53 Caravan
32:06 Treadmill Crane
32:38 Masonry
32:40 Fortified Wall
37:58 Crossbowman
38:47 Thumb Ring
40:47 Bodkin Arrow
45:02 Ballistics
45:34 Bloodlines
45:37 Elite Skirmisher
46:37 Leather Archer Armor
46:31 Scale Barding Armor
51:34 Imperial Age
53:25 Paper Money
54:50 Hoardings
54:02 Arbalester
Carpeado BR
0:32 Loom
8:04 Feudal Age
9:56 Horse Collar
10:09 Double-Bit Axe
13:37 Castle Age
13:11 Wheelbarrow
13:47 Gold Mining
13:54 Stone Mining
14:35 Heavy Plow
15:23 Bow Saw
20:48 Hand Cart
21:31 Fletching
23:21 Town Watch
24:24 Gambesons
24:25 Arson
24:02 Pikeman
25:53 Scale Mail Armor
26:06 Forging
31:09 Ballistics
30:45 Murder Holes
31:01 Masonry
35:16 Imperial Age
35:38 Chain Mail Armor
36:19 Iron Casting
36:58 Conscription
37:20 Capped Ram
37:42 Man-at-Arms
40:47 Stronghold
47:57 Halberdier
50:21 Plate Mail Armor
51:43 Elite Woad Raider
54:09 Long Swordsman
54:29 Siege Ram
The_Lumberjack
8:50 Feudal Age
13:37 Castle Age
11:51 Double-Bit Axe
11:50 Horse Collar
13:48 Stone Mining
13:50 Gold Mining
15:13 Bow Saw
17:35 Stone Shaft Mining
19:09 Wheelbarrow
20:55 Heavy Plow
21:29 Elite Skirmisher
22:56 Fletching
25:06 Bodkin Arrow
27:39 Hand Cart
26:48 Pikeman
31:21 Imperial Age
29:39 Gold Shaft Mining
32:04 Scale Barding Armor
32:00 Scale Mail Armor
32:13 Forging
32:04 Bracer
32:44 Crop Rotation
32:34 Padded Archer Armor
33:39 Husbandry
33:49 Bloodlines
34:16 Chain Barding Armor
34:12 Chain Mail Armor
33:55 Capped Ram
34:51 Caravan
35:54 Conscription
35:12 Siege Ram
37:49 Double Crossbow
39:20 Light Cavalry
47:07 Plate Barding Armor
47:08 Iron Casting
47:04 Halberdier
49:45 Chemistry
49:06 Ballistics
48:57 Fortified Wall
49:18 Leather Archer Armor
50:02 Hussar
51:57 Tusk Swords
53:49 Elite Ballista Elephant
54:38 Arson
59:26 Ring Archer Armor
59:57 Blast Furnace
Khirs
4:06 Loom
12:07 Feudal Age
12:47 Horse Collar
12:56 Double-Bit Axe
14:13 Gold Mining
18:13 Castle Age
17:00 Stone Mining
17:37 Fletching
18:44 Padded Archer Armor
19:05 Bow Saw
19:39 Heavy Plow
21:23 Pikeman
25:24 Stone Shaft Mining
27:28 Fortified Wall
34:00 Imperial Age
32:23 Ballistics
32:29 Bodkin Arrow
33:19 Masonry
33:05 Murder Holes
34:31 Wheelbarrow
34:39 Leather Archer Armor
35:15 Conscription
36:03 Chemistry
35:33 Hand Cart
35:34 Bracer
36:11 Ring Archer Armor
35:14 Halberdier
37:14 Great Wall
37:47 Rocketry
37:44 Forging
37:54 Thumb Ring
37:29 Capped Ram
38:37 Scale Mail Armor
39:33 Elite Chu Ko Nu
41:34 Iron Casting
43:52 Architecture
43:08 Arrowslits
44:27 Blast Furnace
43:43 Chain Mail Armor
49:32 Plate Mail Armor
50:30 Two-Man Saw
51:29 Man-at-Arms
52:39 Long Swordsman
zeitbinder
1:03 Loom
14:07 Feudal Age
15:50 Wheelbarrow
17:16 Castle Age
17:43 Double-Bit Axe
18:58 Gold Mining
18:59 Stone Mining
21:00 Gold Shaft Mining
21:01 Stone Shaft Mining
22:38 Hand Cart
22:31 Town Watch
23:13 Bow Saw
24:37 Fortified Wall
24:38 Masonry
24:54 Tusk Swords
26:55 Caravan
27:25 Town Patrol
31:40 Imperial Age
29:42 Horse Collar
31:43 Elite Ballista Elephant
32:24 Double Crossbow
32:45 Conscription
33:41 Forging
33:36 Scale Barding Armor
34:37 Chemistry
34:09 Architecture
33:34 Heated Shot
38:18 Iron Casting
38:04 Chain Barding Armor
40:01 Blast Furnace
40:01 Hoardings
Connection lost

Rejoining the realm…

Still unreachable

The connection could not be restored.

Session expired

The server has moved on; the page needs a fresh start.